 Dungeon Crawl Stone Soup version 0.29.1-12-g30fa7ad0bf (webtiles) character file.

Game seed: 6247497406562871523

150737 croobank the Spry (level 16, -2/81 HPs)
             Began as a Felid Summoner on Jan 17, 2023.
             Was an Initiate of Gozag.
             Slain by a kraken (27 damage)
             ... on level 1 of the Shoals on Jan 19, 2023.
             The game lasted 05:10:43 (64648 turns).

croobank the Spry (Felid Summoner)                 Turns: 64648, Time: 05:10:43

Health: -2/81      AC:  3    Str: 10    XL:     16   Next: 69%
Magic:  29/35      EV: 32    Int: 29    God:    Gozag
Gold:   4456       SH:  0    Dex: 18    Spells: 4/44 levels left
                                        Lives:  0   Deaths: 4

rFire   . . .      SeeInvis +   (weapon unavailable)
rCold   + . .      Faith    .   (shield unavailable)
rNeg    . . .      Spirit   .   (body armour unavailable)
rPois   .          Reflect  .   (helmet unavailable)
rElec   .          Harm     .   (cloak unavailable)
rCorr   .          Rampage  .   (gloves unavailable)
Will    ++++.                   (boots unavailable)
Stlth   +.........              H - amulet of magic regeneration
HPRegen 0.23/turn               j - +6 ring of intelligence
MPRegen 0.64/turn               G - ring of Resumed Hostilities {Will++ Str+6}

@: very slow
A: very small, claws 1, fangs 3, see invisible, speed 1, shaggy fur 3, stealthy
paws, no weapons or thrown items, no armour, multi-lived, antennae 1
}: 1/15 runes: gossamer
a: Renounce Religion, Potion Petition, Call Merchant, Bribe Branch


You were on level 1 of the Shoals.
You worshipped Gozag.
Gozag was most pleased with you.
You visited 7 branches of the dungeon, and saw 29 of its levels.
You also visited: Bailey, Gauntlet, Ice Cave and Volcano.

You collected 13746 gold pieces.
You spent 4341 gold pieces at shops.
You paid 4949 gold pieces to Gozag.

Inventory:

Jewellery
 a - a ring of protection from fire
 c - the ring of Digyssim {EV+4 Slay+2}
   (You acquired it on level 5 of the Dungeon)

   [ring of evasion]

   EV:        It affects your evasion (+4).
   Slay:      It affects your accuracy & damage with ranged weapons and melee
   (+2).
 h - a ring of flight
 j - a +6 ring of intelligence (left paw)
 u - a ring of wizardry
 D - a ring of ice
 E - a ring of magical power
 G - the ring of Resumed Hostilities (right paw) {Will++ Str+6}
   (You took it off a death knight on level 11 of the Dungeon)

   [ring of strength]

   Str:       It affects your strength (+6).
   Will:      It greatly increases your willpower.
 H - an amulet of magic regeneration (around neck)
 J - a ring of fire
 L - a +6 ring of intelligence
 M - a ring of resist corrosion
 R - the ring of Fragile Peace {Ice Dex+5}
   (You found it in an ice cave)

   [ring of ice]

   It enhances your ice magic.
   Dex:       It affects your dexterity (+5).
   rF:        It makes you vulnerable to fire.
   rC:        It protects you from cold.
 S - a +4 ring of protection
 T - the ring of Sophism {rElec Will+ MP+9 AC+4}
   (You found it on level 2 of the Orcish Mines)

   [ring of protection]

   AC:        It affects your AC (+4).
   rElec:     It insulates you from electricity.
   MP:        It affects your magic capacity (+9).
   Will:      It increases your willpower.
 V - the ring of Mejum {Wiz Str+4}
   (You found it on level 15 of the Dungeon)

   [ring of wizardry]

   It improves your spell success rate.
   Str:       It affects your strength (+4).
 W - a ring of protection from fire
 X - an amulet of reflection
Wands
 s - a wand of flame (54)
 t - a wand of paralysis (25)
 w - a wand of polymorph (14)
 x - a wand of digging (22)
 y - a wand of mindburst (18)
 F - a wand of quicksilver (17)
 P - a wand of roots (15)
Scrolls
 d - 3 scrolls of fog
 e - 5 scrolls of immolation
 k - a scroll of torment
 l - 9 scrolls of identify
 m - 2 scrolls of fear
 n - 3 scrolls of blinking
 p - 14 scrolls of teleportation
 r - a scroll of amnesia
 I - a scroll of silence
Potions
 b - 7 potions of attraction
 f - 15 potions of curing
 g - 3 potions of berserk rage
 i - a potion of resistance
 o - 5 potions of flight
 q - 5 potions of mutation
 z - a potion of might
 A - 5 potions of ambrosia
 C - a potion of magic
 K - 4 potions of lignification
 N - 5 potions of brilliance
 Q - 10 potions of haste
 U - 2 potions of cancellation
 Z - 2 potions of invisibility
Miscellaneous
 v - a tin of tremorstones (2/2)
 B - a phantom mirror
 O - a lightning rod (4/4)


   Skills:
 - Level 15.0 Fighting
 - Level 19.0 Dodging
 - Level 3.0 Stealth
 + Level 14.9 Spellcasting
 - Level 4.0 Conjurations
 - Level 5.0 Hexes
 - Level 15.0 Summonings
 - Level 6.0 Translocations
 * Level 10.4 Transmutations
 * Level 9.9 Air Magic
 - Level 4.0 Poison Magic


You had 4 spell levels left.
You knew the following spells:

 Your Spells              Type           Power      Damage    Failure   Level
a - Blink                 Tloc           100%       N/A       1%          2
b - Call Imp              Summ           83%        N/A       0%          2
c - Call Canine Familiar  Summ           83%        N/A       0%          3
d - Summon Guardian Gole  Hex/Summ       68%        N/A       1%          3
e - Summon Lightning Spi  Summ/Air       76%        N/A       1%          4
f - Summon Mana Viper     Hex/Summ       68%        N/A       1%          5
g - Summon Cactus Giant   Summ           41%        N/A       1%          6
h - Summon Forest         Summ/Tloc      35%        N/A       1%          5
i - Airstrike             Air            34%        2d(5-21)  1%          4
j - Mephitic Cloud        Conj/Pois/Air  54%        N/A       1%          3
k - Swiftness             Air            68%        N/A       1%          3

Your spell library contained the following spells:

 Spells                   Type           Power      Damage    Failure   Level
 Summon Small Mammal      Summ           100%       N/A       0%          1
 Apportation              Tloc           100%       N/A       1%          1
 Beastly Appendage        Tmut           100%       N/A       1%          1
 Magic Dart               Conj           100%       1d8       1%          1
 Shock                    Conj/Air       100%       1d9       1%          1
 Sting                    Tmut/Pois      100%       1d8       1%          1
 Passwall                 Tmut/Erth      42%        N/A       1%          2
 Wereblood                Tmut           70%        N/A       1%          2
 Confusing Touch          Hex            50%        N/A       1%          3
 Ignite Poison            Fire/Tmut/Pois 49%        N/A       1%          3
 Spider Form              Tmut/Pois      59%        N/A       1%          3
 Tukima's Dance           Hex            50%        N/A       1%          3
 Summon Ice Beast         Ice/Summ       60%        N/A       1%          4
 Necrotise                Necr           84%        1d8       2%          1
 Sandblast                Erth           42%        2d11      2%          1
 Ice Form                 Ice/Tmut       51%        N/A       2%          4
 Scorch                   Fire           42%        2d7       3%          2
 Stone Arrow              Conj/Erth      66%        3d11      3%          3
 Cause Fear               Hex            25%        N/A       3%          4
 Frozen Ramparts          Ice            42%        1d7       7%          3
 Leda's Liquefaction      Hex/Erth       18%        N/A       9%          4
 Flame Wave               Conj/Fire      33%        2d10      10%         4
 Dispel Undead            Necr           21%        3d11      22%         4
 Blade Hands              Tmut           35%        N/A       1%          5
 Alistair's Intoxication  Tmut/Pois      39%        N/A       3%          5
 Monstrous Menagerie      Summ           41%        N/A       4%          7
 Manifold Assault         Tloc           54%        N/A       5%          5
 Freezing Cloud           Conj/Ice/Air   24%        6-21      10%         5
 Dispersal                Tloc           27%        N/A       28%         6
 Storm Form               Tmut/Air       34%        N/A       28%         7
 Spellforged Servitor     Conj/Summ      33%        N/A       36%         7
 Iron Shot                Conj/Erth      16%        9d4       83%         6
 Starburst                Conj/Fire      16%        6d6       83%         6
 Death Channel            Necr           10%        N/A       98%         6
 Orb of Destruction       Conj           22%        9d8       98%         7
 Disjunction              Tloc           27%        N/A       100%        8
 Portal Projectile        Hex/Tloc       Unusable   N/A       N/A         3
 Animate Armour           Summ/Erth      Unusable   N/A       N/A         4
 Corpse Rot               Necr/Pois/Air  Unusable   N/A       N/A         4

Dungeon Overview and Level Annotations

Branches:
Dungeon (15/15)            Temple (1/1) D:4            Lair (5/5) D:10
 Shoals (1/4) Lair:2       Spider (4/4) Lair:3        Slime (0/5) Lair:5
    Orc (2/2) D:11            Elf (1/3) Orc:2        Vaults (0/5) D:14
 Depths (0/4) D:15         Bailey (visited)           IceCv (visited)
Volcano (visited)         Gauntlet (visited)

Altars:
Ashenzari
Cheibriados
Dithmenos
Elyvilon
Fedhas
Gozag
Hepliaklqana
Kikubaaqudgha
Makhleb
Nemelex Xobeh
Okawaru
Qazlal
Sif Muna
Trog
Uskayaw
Vehumet
Wu Jian
Xom
Yredelemnul
Zin
The Shining One
Jiyva

Shops:
D:3 *   D:5 (   Orc:2 ::?[*   Shoals:1 *   Spider:3 !

Portals:
Trove: D:12 (give 6 potions of haste)

Annotations:
D:12 2 transporters, Nuxaxzio's ghost, journeyman SpCj
D:14 3 runed translucent doors, Buihiast's ghost, journeyman DgHW
Lair:4 2 runed translucent doors, Feihao's ghost, journeyman GrFi


Innate Abilities, Weirdness & Mutations

You have sharp claws.
You have razor-sharp teeth.
You have supernaturally acute eyesight. (SInv)
You cover ground quickly. (Speed+)
Your thick and shaggy fur keeps you warm. (AC +3, rC+)
Your paws help you pounce on unaware monsters.
You are incapable of wielding weapons or throwing items.
You cannot wear armour.
You gain extra lives every three experience levels.
You have a pair of small antennae on your head.


Message History

The wind drake flaps its wings at you. The air twists around and strikes you!
Splash!
You fall into the shallow water.
Moving in this stuff is going to be slow.
The wind drake flaps its wings at you. The air twists around and strikes you!
What are your orders? t - Meow!
Orders for allies: a - Attack new target. r - Retreat! s - Stop attacking. g - Guard the area. f - Follow me.
Anything else - Cancel.
Gang up on whom?
Press: ? - help, Dir - move target, f - wind drake
Aim: a wind drake (repelling missiles, ally target) Attack!
Your mana viper barely misses the wind drake.
Your warg closely misses the wind drake.
A kraken comes into view.
The wind drake flaps its wings at you. The air twists around and strikes you!!
You enter the shallow water.
Moving in this stuff is going to be slow.
A merfolk comes into view. It is wielding a +0 trident.
Casting: Summon Mana Viper (dangerous; 1% risk of failure)
Confirm with . or Enter, or press ? or * to list all spells.
An electric hum fills the air.
The wind drake exhales a fierce blast of wind!
You are blown backwards!
Your warg is blown away by the wind.
Splash!
The merfolk shouts!
Tentacles burst out of the water!
Your warg bites the wind drake. 4 tentacles come into view.
As you read the scroll of summoning, it crumbles to dust.
Wisps of shadow whirl around you...
A tentacle segment bursts forth from the water.
The tentacle slaps you. The tentacle completely misses you.
Your warg bites the wind drake.
The kraken bites you!!
You die...
Your body crumbles into a pile of gold.

# ################ ≈
≈≈≈≈≈≈≈≈≈≈≈≈≈≈≈≈ ≈≈≈
≈≈≈≈≈≈≈≈≈≈≈≈≈≈≈≈ ≈≈≈≈
≈≈≈≈≈≈≈≈≈≈≈≈≈≈≈≈ ≈≈≈≈≈
≈≈≈≈≈≈≈≈Hm~~~≈≈≈~
≈≈~~~~~~~~~≈≈≈≈Xw~~~~~~~~
≈~~~~~~~~~~~~~~w@~~m~~~~~
~~~~~~~~~~~~~~~w~c~~~~~~~
~~~~~~~~~~~~~~~~kc~~~~~~~
~~~~~.(.~~~~~~~w~h8~!~~~~
~..~..~~~~~~...~Sc~c~..~~
....~..~~~~.....9~~~..[..
.......~~~......~~~~.....
..#..~..~~.$....~~~~.....
.....~..~~...(#.#~~~~..~~


You could see a kraken (ally target), a wind drake (repels missiles, catching
breath, ally target), a merfolk, 4 tentacles, a friendly merfolk (summoned,
sheltered), 4 friendly fauns, a friendly manticore (summoned, sheltered), a
friendly mana viper (summoned, sheltered), a friendly guardian golem (summoned),
a friendly warg (summoned, sheltered) and a friendly lightning spire (summoned,
sheltered).

Vanquished Creatures
  A spark wasp (Spider:2)
  A death yak (Lair:3)
  A manticore (D:13)
  A cane toad (Lair:3)
  A troll (D:11)
  A meliai (Spider:3)
  A tarantella (Spider:1)
  A meliai zombie (D:15)
  3 redbacks
  An acid dragon (D:8)
  2 killer bees
  An electric eel (Lair:2)
  2 hounds
  An orc priest (D:11)
  Terence (D:3)
  3 orcs
  2 endoplasms
  A hobgoblin (D:1)
  A jackal (D:4)
  A quokka (D:4)
  2 bats
  4 kobolds
33 creatures vanquished.

Vanquished Creatures (collateral kills)
  Jorgrun (Orc:2)
  An orc warlord (Orc:1)
  A frost giant (IceCv)
  4 emperor scorpions
  5 ghost moths
  4 broodmothers
  A spark wasp (Spider:2)
  3 entropy weavers
  Snorg (Orc:2)
  A merfolk javelineer (Shoals:1)
  2 fire dragons
  A rakshasa (D:14)
  8 boulder beetles
  An ogre mage (D:15)
  An ice dragon (IceCv)
  A vault guard (D:14)
  A catoblepas (D:13)
  2 jorogumos
  5 hydras
  An ironbound frostheart (IceCv)
  2 radroaches (Spider:2)
  A death knight (D:11)
  7 centaur warriors
  A merfolk avatar (Shoals:1)
  3 two-headed ogres
  4 death yaks
  The ghost of 0gre the Frost Mage, a novice GnIE of Ashenzari (D:8)
  8 death scarabs
  A spectral emperor scorpion (Spider:4)
  A deep elf knight (Elf:1)
  2 sun moths (Spider:2)
  6 skeletal warriors
  11 pharaoh ants
  9 orb spiders
  A sea snake (Shoals:1)
  10 steelbarb worms
  6 orc knights
  A wolf spider zombie (Spider:4)
  4 deep elf pyromancers
  2 spectral wolf spiders (Spider:4)
  A wizard (D:15)
  3 oklob plants
  An anaconda skeleton (Volcano)
  27 ugly things
  2 manticores
  18 wolf spiders
  An orc sorcerer (Orc:1)
  4 moths of wrath (Spider:4)
  4 cyclopes
  A guardian serpent (Lair:5)
  7 elephants
  3 water nymphs (Shoals:1)
  A black mamba (Lair:5)
  6 torpor snails
  The ghost of ssalbiz the Basher, a novice MeFi (D:3)
  6 gargoyles
  14 rime drakes
  An unseen horror zombie (D:9)
  7 komodo dragons
  11 demonic crawlers
  3 efreet
  3 spectral redbacks (Spider:4)
  A yaktaur (D:11)
  3 redback zombies (Spider:4)
  A yaktaur (shapeshifter) (D:13)
  15 cane toads
  7 trolls
  A tengu conjurer (D:11)
  An unseen horror skeleton (D:9)
  4 merfolk (Shoals:1)
  A hornet (Lair:5)
  4 nameless horrors
  6 meliai
  14 polar bears
  A wind drake (Shoals:1)
  A spectral jumping spider (Spider:4)
  29 tarantellas
  11 slime creatures
  3 snapping turtles (Shoals:1)
  2 spectral culicivoras (Spider:4)
  2 spectral tarantellas (Spider:4)
  2 blink frogs (Lair:1)
  5 tarantella zombies (Spider:4)
  A harpy skeleton (Volcano)
  2 dream sheep (Shoals:1)
  2 meliai zombies (D:15)
  2 flying skulls (Volcano)
  A vampire (D:15)
  20 culicivoras
  3 shadows
  17 jumping spiders
  4 alligator skeletons (Volcano)
  21 yaks
  11 wyverns
  4 water elementals (Shoals:1)
  5 wraiths
  4 basilisks
  31 redbacks
  4 steam dragons
  5 vampire mosquitoes
  5 wargs
  14 water moccasins
  4 acid dragons
  A floating eye (Lair:3)
  39 orc warriors
  An ice beast (D:7)
  2 sky beasts (D:7)
  2 swamp drakes (Lair:5)
  18 ogres
  11 wolves
  18 centaurs
  5 kobold brigands
  2 phantoms
  9 bullfrogs
  5 scorpions
  8 killer bees
  Dowan (D:7)
  12 howler monkeys
  2 spriggan skeletons (Volcano)
  A vampire bat (Lair:1)
  A spectral centaur (D:9)
  A troll skeleton (Volcano)
  A crimson imp (D:4)
  4 centaur zombies
  2 hounds (D:4)
  2 bullfrog skeletons (D:3)
  4 jellies
  11 orc priests
  Crazy Yiuf (D:3)
  Natasha (thrice) (D:4)
  2 boggart zombies (D:15)
  6 iguanas
  18 orc wizards
  A killer bee zombie (D:3)
  A naga skeleton (Volcano)
  2 gnolls
  6 adders
  2 shadow imps (D:5)
  2 white imps
  An ufetubus (D:5)
  5 worms
  3 dart slugs
  85 orcs
  12 bats
  An endoplasm (D:1)
  3 giant cockroaches
  6 goblins
  9 hobgoblins
  9 jackals
  41 kobolds
  3 quokkas
  6 ball pythons
  A frilled lizard (D:1)
  3 rats (D:1)
920 creatures vanquished.

Vanquished Creatures (others)
  The ghost of zlionsfan the Severer, a journeyman HuDe of Ashenzari (Orc:2)
  A frost giant (IceCv)
  A white draconian (IceCv)
  A boulder beetle (Lair:3)
  A centaur warrior (D:11)
  An ice dragon (D:15)
  4 hydras
  A two-headed ogre (D:12)
  2 death yaks
  A skeletal warrior (D:15)
  A pharaoh ant (Spider:1)
  A steelbarb worm (shapeshifter) (D:11)
  2 orb spiders (Spider:1)
  A swamp dragon (Lair:5)
  A deep elf pyromancer (D:13)
  A wolf spider (Spider:4)
  3 orc knights
  3 cyclopes
  7 ugly things
  A slime creature (D:14)
  2 oklob plants (Lair:3)
  An elephant (Lair:3)
  4 black mambas (Lair:5)
  2 gargoyles
  6 cane toads
  3 komodo dragons
  2 kobold demonologists
  4 rime drakes (IceCv)
  A tengu conjurer (D:14)
  2 tarantellas
  4 polar bears
  2 spectral tarantellas (Spider:4)
  2 hornets (Lair:5)
  9 trolls
  A snapping turtle (Lair:2)
  2 jumping spiders (Spider:4)
  A flying skull (Volcano)
  A centaur simulacrum (D:15)
  An alligator skeleton (Volcano)
  20 yaks
  A basilisk (Lair:2)
  4 wyverns
  3 redbacks
  A steam dragon (Lair:5)
  2 vampire mosquitoes
  A warg (Orc:1)
  2 acid dragons (D:11)
  Duvessa (D:7)
  6 water moccasins
  A swamp drake (Lair:5)
  9 orc warriors
  An ice beast (D:7)
  3 ogres
  10 wolves
  3 centaurs
  A wight (D:7)
  9 killer bees
  A gnoll bouda (Lair:2)
  2 orc priests (Orc:1)
  A hound (D:4)
  An orc wizard (D:11)
  A gnoll (Bailey)
  5 orcs
  2 kobolds
  3 bushes (Lair:3)
  49 fungi
  121 plants
  13 snaplasher vines
  3 withered plants (D:15)
365 creatures vanquished.

Grand Total: 1318 creatures vanquished

Notes
Turn   | Place    | Note
-------+----------+-------------------------------------------
     0 | D:1      | croobank the Felid Summoner began the quest for the Orb.
     0 | D:1      | Reached XP level 1. HP: 7/7 MP: 4/4
    19 | D:1      | Found a faded altar of an unknown god.
   478 | D:1      | You fall into a shaft and drop 1 floor!
   487 | D:2      | Found a burning altar of Makhleb.
   651 | D:2      | Reached skill level 3 in Dodging
   722 | D:2      | Reached XP level 2. HP: 8/11 MP: 1/6
   725 | D:2      | Learned a level 2 spell: Call Imp
   977 | D:2      | Reached XP level 3. HP: 9/15 MP: 3/7
   981 | D:2      | Learned a level 3 spell: Call Canine Familiar
  1109 | D:2      | Identified the +6 shortbow of Dorrol {freeze, rPois Dex+7}
  1190 | D:2      | Reached skill level 1 in Fighting
  2100 | D:1      | Reached XP level 4. HP: 19/19 MP: 1/8
  2723 | D:3      | Noticed Terence
  2729 | D:3      | Slain by Terence
  2730 | D:3      | Reached XP level 3. HP: -1/15 MP: 1/8
  2777 | D:3      | Killed Terence
  3217 | D:3      | Reached skill level 1 in Hexes
  3229 | D:3      | Reached XP level 4. HP: 11/19 MP: 5/9
  3418 | D:3      | Found Zin's Purification Station.
  3420 | D:3      | Found a glowing silver altar of Zin.
  3703 | D:3      | Found a runed translucent gate.
  3704 | D:3      | Found a runed translucent gate.
  3704 | D:3      | Found a runed translucent gate.
  3808 | D:3      | Reached skill level 4 in Dodging
  4085 | D:3      | Noticed ssalbiz's ghost (novice MeFi)
  4491 | D:3      | Found a runed translucent door.
  4492 | D:3      | Noticed Crazy Yiuf
  4705 | D:4      | Reached XP level 5. HP: 22/22 MP: 0/10
  4717 | D:4      | Learned a level 3 spell: Summon Guardian Golem
  4796 | D:4      | Noticed Natasha
  4819 | D:4      | Killed Natasha
  4839 | D:4      | Noticed Natasha
  4847 | D:4      | Killed Natasha
  5196 | D:4      | HP: 1/23 [orc priest/divine providence (12)]
  5197 | D:4      | Gained mutation: You have a pair of small antennae on your
                  | head. [potion of mutation]
  5202 | D:4      | Reached skill level 5 in Summonings
  5228 | D:4      | Noticed Natasha
  5243 | D:4      | Killed Natasha
  5244 | D:4      | Gained mutation: You are covered in thick fur. (AC +2)
                  | [Felid growth]
  5244 | D:4      | Reached XP level 6. HP: 26/27 MP: 4/12
  5297 | D:4      | Found a staircase to the Ecumenical Temple.
  5302 | Temple   | Entered the Ecumenical Temple
  5639 | D:4      | Found a shadowy altar of Dithmenos.
  5812 | D:4      | Found a snail-covered altar of Cheibriados.
  5829 | D:4      | Found a blossoming altar of Fedhas.
  6027 | D:4      | Found a burning altar of Makhleb.
  6027 | D:4      | Found a shimmering altar of Xom.
  6364 | D:4      | Reached skill level 5 in Dodging
  6480 | D:4      | Reached XP level 7. HP: 16/31 MP: 0/13
  6682 | D:5      | Entered Level 5 of the Dungeon
  6999 | D:5      | Found a glowing golden altar of the Shining One.
  7731 | D:5      | Found a broken altar of Ashenzari.
  7771 | D:5      | Found Rashear's Hydra Hut.
  7774 | D:5      | Noticed a five-headed hydra
  7806 | D:5      | Identified a scroll of acquirement
  7807 | D:5      | Acquired the ring of Digyssim {EV+4 Slay+2}
  8221 | D:5      | Noticed a kobold demonologist
  8265 | D:5      | Reached skill level 6 in Dodging
  8338 | D:5      | Learned a level 2 spell: Blink
  8586 | D:5      | Killed a kobold demonologist
  8587 | D:5      | Reached skill level 5 in Hexes
  8587 | D:5      | Reached XP level 8. HP: 36/36 MP: 3/15
 10029 | D:7      | Reached skill level 7 in Dodging
 10055 | D:7      | Reached skill level 5 in Translocations
 10248 | D:7      | Noticed Dowan
 10271 | D:7      | Killed Dowan
 10278 | D:7      | Noticed Duvessa
 10294 | D:7      | Killed Duvessa
 10295 | D:7      | Reached skill level 5 in Spellcasting
 10773 | D:7      | Reached skill level 5 in Fighting
 10773 | D:7      | Reached XP level 9. HP: 22/40 MP: 9/17
 11080 | D:8      | Learned a level 4 spell: Summon Lightning Spire
 11108 | D:8      | Reached skill level 1 in Air Magic
 11191 | D:8      | Reached skill level 8 in Dodging
 11354 | D:8      | Found a flagged portal.
 11371 | Bailey   | Entered a bailey
 11454 | Bailey   | Noticed an orc knight
 11729 | Bailey   | Killed an orc knight
 11730 | Bailey   | Reached XP level 10. HP: 45/45 MP: 5/20
 12645 | D:8      | Found a transporter.
 13439 | D:7      | Found a sparkling altar of Nemelex Xobeh.
 13448 | D:7      | Reached skill level 9 in Dodging
 13448 | D:7      | Reached skill level 5 in Air Magic
 13774 | D:8      | Noticed a gargoyle
 13775 | D:8      | Noticed 0gre's ghost (novice GnIE)
 13785 | D:8      | Found a transporter.
 14217 | D:9      | Found an opulent altar of Gozag.
 15847 | D:9      | Became a worshipper of Gozag Ym Sagoz the Greedy
 15856 | D:10     | Entered Level 10 of the Dungeon
 16089 | D:9      | Learned a level 3 spell: Mephitic Cloud
 16198 | D:10     | Slain by a komodo dragon
 16199 | D:10     | Reached XP level 9. HP: -2/43 MP: 4/20
 16217 | D:10     | Reached XP level 10. HP: 47/47 MP: 12/21
 16592 | D:10     | Reached skill level 10 in Dodging
 16897 | D:10     | Noticed Sonja
 16902 | D:10     | Paralysed by Sonja for 3 turns
 16908 | D:10     | Noticed Sonja
 16908 | D:10     | Sonja changed into Sonja the warg
 16935 | D:10     | Killed Sonja the warg
 17242 | D:10     | Found a staircase to the Lair.
 17445 | D:10     | Found a bloodstained altar of Trog.
 17850 | D:11     | Noticed a death knight
 17855 | D:11     | Found a gate leading to a gauntlet.
 17869 | Gauntlet | Entered a Gauntlet
 17869 | Gauntlet | Found a transporter.
 17870 | Gauntlet | Found a large runed translucent door.
 17871 | Gauntlet | Found a large runed translucent door.
 17872 | Gauntlet | Found a large runed translucent door.
 17872 | Gauntlet | Found a large runed translucent door.
 17872 | Gauntlet | Found a runed translucent door.
 17872 | Gauntlet | Found a runed translucent door.
 17873 | Gauntlet | Found a large runed translucent door.
 17874 | Gauntlet | Found a large runed translucent door.
 17875 | Gauntlet | Found a large runed translucent door.
 17875 | Gauntlet | Found a large runed translucent door.
 17876 | Gauntlet | Found a large runed translucent door.
 17876 | Gauntlet | Found a large runed translucent door.
 17876 | Gauntlet | Found a large runed translucent door.
 17876 | Gauntlet | Found a large runed translucent door.
 17877 | Gauntlet | Found a large runed translucent door.
 17877 | Gauntlet | Found a large runed translucent door.
 17878 | Gauntlet | Found a large runed translucent door.
 17878 | Gauntlet | Found a transporter.
 17878 | Gauntlet | Found a large runed translucent door.
 17880 | Gauntlet | Found a transporter.
 17882 | Gauntlet | Found a transporter.
 17884 | Gauntlet | Noticed a blizzard demon
 17907 | Gauntlet | Found a transporter.
 17922 | Gauntlet | Found a transporter.
 17928 | Gauntlet | Found a transporter.
 17930 | Gauntlet | Noticed a wretched star
 17943 | Gauntlet | Found a transporter.
 17958 | Gauntlet | Noticed an apocalypse crab
 17962 | Gauntlet | Found a transporter.
 17971 | Gauntlet | Noticed a wizard
 17974 | Gauntlet | Found a transporter.
 17974 | Gauntlet | Noticed a wizard
 17989 | Gauntlet | Found a transporter.
 17998 | Gauntlet | Found a transporter.
 18002 | Gauntlet | Noticed a gargoyle
 18003 | Gauntlet | Found a transporter.
 18004 | Gauntlet | Noticed a molten gargoyle
 18008 | Gauntlet | Noticed a catoblepas
 18020 | Gauntlet | Found a transporter.
 18037 | Gauntlet | Found a transporter.
 18056 | Gauntlet | Found a transporter.
 18058 | Gauntlet | Found a runed translucent gate.
 18058 | Gauntlet | Found a runed translucent gate.
 18058 | Gauntlet | Found a runed translucent gate.
 18232 | D:11     | Noticed a sun demon
 18237 | D:11     | Noticed a sixfirhy
 18391 | D:11     | Reached skill level 1 in Conjurations
 18391 | D:11     | Reached skill level 1 in Poison Magic
 18468 | D:11     | Reached XP level 11. HP: 35/51 MP: 9/23
 18829 | D:11     | Found a staircase to the Orcish Mines.
 18952 | D:11     | Noticed a seven-headed hydra
 18960 | D:11     | Killed a seven-headed hydra
 19039 | D:11     | Noticed a seven-headed hydra
 19052 | D:11     | Killed a seven-headed hydra
 19254 | D:11     | Got the Handbook of Fulgurant Poisoning
 19326 | D:11     | Identified the +12 glaive of the Ageless Wonders {elec,
                  | rPois}
 19896 | D:11     | Noticed a green ugly thing
 19914 | D:11     | Killed a green ugly thing
 19915 | D:11     | Reached skill level 11 in Dodging
 20376 | D:11     | Noticed a boulder beetle
 20377 | D:11     | Noticed a centaur warrior
 20399 | D:11     | Killed a centaur warrior
 20401 | D:11     | Killed a boulder beetle
 20507 | D:11     | Identified the ring of Bodily Harmony {Fire rElec rCorr
                  | Str-2 Dex+7}
 20507 | D:11     | Noticed a centaur warrior
 20531 | D:11     | Killed a centaur warrior
 20676 | D:11     | Identified the amulet "Lyuxzi" {Faith Will+}
 20691 | D:11     | Identified the amulet of Haoskask {Acrobat Dex+4}
 20727 | D:11     | Identified the ring of Resumed Hostilities {Will++ Str+6}
 20745 | D:11     | Killed a death knight
 20746 | D:11     | Gained mutation: Your thick and shaggy fur keeps you warm.
                  | (AC +3, rC+) [Felid growth]
 20746 | D:11     | Reached XP level 12. HP: 43/56 MP: 13/25
 21193 | D:11     | Reached skill level 12 in Dodging
 21445 | D:12     | Noticed an eight-headed hydra
 21445 | D:12     | Noticed a four-headed hydra
 21728 | Lair:1   | Entered Level 1 of the Lair of Beasts
 21957 | Lair:1   | Reached skill level 10 in Summonings
 23764 | Lair:2   | Reached skill level 13 in Dodging
 24402 | Lair:2   | Reached skill level 10 in Fighting
 24964 | Lair:2   | Found a staircase to the Shoals.
 26270 | Lair:3   | Reached XP level 13. HP: 62/62 MP: 18/27
 26590 | Lair:3   | Reached skill level 10 in Spellcasting
 26598 | Lair:3   | Reached skill level 14 in Dodging
 27558 | Lair:3   | Found a hole to the Spider Nest.
 28271 | Lair:4   | Reached skill level 15 in Dodging
 28469 | Lair:4   | Found a large runed translucent door.
 28469 | Lair:4   | Found a large runed translucent door.
 28472 | Lair:4   | Noticed Feihao's ghost (journeyman GrFi)
 28486 | Lair:4   | Learned a level 3 spell: Swiftness
 28491 | Lair:4   | Learned a level 4 spell: Airstrike
 28498 | Lair:4   | Learned a level 6 spell: Summon Cactus Giant
 29414 | Lair:5   | Entered Level 5 of the Lair of Beasts
 30295 | Lair:5   | Reached XP level 14. HP: 69/69 MP: 23/29
 30541 | Lair:5   | Reached skill level 16 in Dodging
 30846 | Lair:5   | Found a viscous altar of Jiyva.
 30848 | Lair:5   | Found a staircase to the Slime Pits.
 32128 | Lair:5   | Found the +3 pair of seven-league boots {Rampage+∞}
 33016 | D:12     | Found a portal to a secret trove of treasure.
 33154 | D:12     | Found a transporter.
 33157 | D:12     | Found a transporter.
 33664 | D:12     | Noticed Nuxaxzio's ghost (journeyman SpCj)
 35082 | D:13     | Identified the +6 flail of Roshey {vorpal, Dex+4}
 35533 | D:14     | Noticed a frost giant
 35544 | D:14     | Found a runed translucent gate.
 35544 | D:14     | Found a runed translucent gate.
 35544 | D:14     | Found a runed translucent gate.
 35580 | D:14     | Reached skill level 17 in Dodging
 35667 | D:14     | Found a frozen archway.
 35741 | IceCv    | Entered an ice cave
 36006 | IceCv    | Reached XP level 15. HP: 74/74 MP: 29/31
 37267 | IceCv    | Noticed a frost giant
 37286 | IceCv    | Killed a frost giant
 37288 | IceCv    | Noticed a frost giant
 37297 | IceCv    | Killed a frost giant
 37509 | IceCv    | Got the Catalogue of the Wary Souls
 37514 | IceCv    | Identified the ring of Fragile Peace {Ice Dex+5}
 37752 | D:14     | Noticed Buihiast's ghost (journeyman DgHW)
 37766 | D:14     | Identified the ring of Existentialism {Str+7 Int+6 Dex+6}
 38206 | D:14     | Reached skill level 18 in Dodging
 38523 | D:14     | Found a gate to the Vaults.
 38690 | D:15     | Entered Level 15 of the Dungeon
 41015 | D:15     | Identified the ring of Mejum {Wiz Str+4}
 41522 | D:15     | Found a staircase to the Depths.
 41666 | Orc:1    | Entered Level 1 of the Orcish Mines
 41767 | Orc:1    | Reached XP level 16. HP: 35/80 MP: 7/33
 41862 | Orc:1    | Found a dark tunnel.
 42000 | Volcano  | Entered a volcano
 43431 | Orc:2    | Entered Level 2 of the Orcish Mines
 44436 | Orc:2    | HP: 2/80 [centaur/arrow (13)]
 44437 | Orc:2    | Shot with an arrow by a centaur
 44438 | Orc:2    | Reached XP level 15. HP: -13/76 MP: 19/32
 44771 | Orc:1    | Reached skill level 19 in Dodging
 46428 | Orc:1    | Killed an orc warlord
 49298 | Orc:2    | Found Xaywykos's Magic Scroll Emporium.
 49298 | Orc:2    | Found Rouk's Book Boutique.
 49301 | Orc:2    | Found Lapluaweuck's Book Shop.
 49303 | Orc:2    | Found Qyicac's Antique Armour Shoppe.
 49309 | Orc:2    | Bought Feviph's Catalogue of Conjuration for 648 gold
                  | pieces
 49309 | Orc:2    | Bought a book of Beasts for 684 gold pieces
 49311 | Orc:2    | Bought a book of Cantrips for 144 gold pieces
 49400 | Orc:2    | Bought a book of Weapons for 504 gold pieces
 49406 | Orc:2    | Learned a level 5 spell: Summon Mana Viper
 49410 | Orc:2    | Learned a level 3 spell: Tukima's Dance
 49413 | Orc:2    | Bought a scroll of blinking for 97 gold pieces
 49413 | Orc:2    | Bought a scroll of teleportation for 39 gold pieces
 49413 | Orc:2    | Bought a scroll of silence for 123 gold pieces
 49577 | Orc:2    | Noticed Jorgrun
 49592 | Orc:2    | Killed Jorgrun
 49593 | Orc:2    | Reached skill level 15 in Fighting
 49740 | Orc:2    | Found Zetre's Assorted Antiques.
 49751 | Orc:2    | Bought a +6 ring of intelligence for 756 gold pieces
 49751 | Orc:2    | Bought a potion of cancellation for 168 gold pieces
 49751 | Orc:2    | Bought a wand of flame (4) for 58 gold pieces
 49817 | Orc:2    | Found a runed translucent gate.
 49817 | Orc:2    | Noticed zlionsfan's ghost (journeyman HuDe)
 49843 | Orc:2    | Noticed Snorg
 49858 | Orc:2    | Killed Snorg
 49972 | Orc:2    | Found a staircase to the Elven Halls.
 50181 | Orc:2    | Found a runed translucent gate.
 50182 | Orc:2    | Identified the +2 robe "Yre Zuloo" {Rampage Fly}
 50184 | Orc:2    | Found a runed translucent gate.
 50195 | Orc:2    | Identified the ring of Sophism {rElec Will+ MP+9 AC+4}
 50253 | Orc:2    | Killed zlionsfan's ghost
 50361 | Orc:2    | Bought the Volume of Metal and the Throng for 504 gold
                  | pieces
 50369 | Orc:2    | Learned a level 5 spell: Summon Forest
 50497 | Spider:1 | Entered Level 1 of the Spider Nest
 50502 | Spider:1 | Noticed an emperor scorpion
 50515 | Spider:1 | Killed an emperor scorpion
 51349 | Spider:1 | Reached skill level 1 in Transmutations
 51698 | Spider:1 | Got the Incunabulum of Fascination
 51827 | Spider:1 | Noticed an emperor scorpion
 51842 | Spider:1 | Killed an emperor scorpion
 52310 | Spider:2 | Noticed an emperor scorpion
 52342 | Spider:2 | Killed an emperor scorpion
 52702 | Spider:2 | Reached XP level 16. HP: 81/81 MP: 15/34
 52813 | Spider:2 | Mangled by a wolf spider
 52814 | Spider:2 | Reached XP level 15. HP: -12/77 MP: 27/33
 53395 | Spider:2 | HP: 1/77 [broodmother (31)]
 54047 | Spider:2 | Reached skill level 5 in Transmutations
 57242 | Spider:3 | Identified the +1 scale mail of the Pink Corner {+Inv}
 57558 | Spider:3 | HP: 2/77 [meliai/+0 hand axe (10)]
 59287 | Spider:3 | Bought a potion of haste for 110 gold pieces
 59287 | Spider:3 | Bought a potion of cancellation for 88 gold pieces
 59287 | Spider:3 | Bought a potion of haste for 110 gold pieces
 59287 | Spider:3 | Bought 2 potions of haste for 220 gold pieces
 59287 | Spider:3 | Bought a potion of invisibility for 88 gold pieces
 59293 | Spider:4 | Entered Level 4 of the Spider Nest
 60036 | Spider:4 | Reached skill level 15 in Summonings
 60454 | Spider:4 | Reached XP level 16. HP: 81/81 MP: 18/35
 62102 | Spider:4 | Got a gossamer rune of Zot
 62185 | Spider:4 | Identified the +10 flail of Agony {drain, Fly rPois rCorr}
 62793 | D:3      | Killed Crazy Yiuf
 62915 | D:3      | Killed ssalbiz's ghost
 63115 | D:8      | Reached skill level 10 in Transmutations
 63116 | D:8      | Killed 0gre's ghost
 63306 | Elf:1    | Entered Level 1 of the Elven Halls
 63306 | Elf:1    | Found a radiant altar of Vehumet.
 63785 | Shoals:1 | Entered Level 1 of the Shoals
 64381 | Shoals:1 | Found Durpheg's Overcharged Wands.
 64644 | Shoals:1 | Noticed a kraken
 64648 | Shoals:1 | Slain by a kraken

Illustrated notes

Levels and vault maps discovered:
D:1:      minmay_arrival_shattered_statue, layout_basic,
          hellmonk_ecumenical_altar_slurped_away, minmay_tall_x
D:2:      layout_loops_ring, basic_altar, minmay_misc_feat_alley
D:3:      layout_loops_ring, zin_purify, nicolae_overflow_hidden_temple,
          gammafunk_ghost_necromancy, uniq_crazy_yiuf_cottage, uniq_terence
D:4:      minmay_diamond_boxcup, layout_basic,
          grunt_temple_overflow_champion_of_chaos, mainiacjoe_overflow_catwalk,
          mainiacjoe_overflow_brackets, nicolae_dithmenos_shadow_blocks,
          minmay_temple_entry_gardened_gates, uniq_natasha
D:5:      minmay_chambers_of_fours, layout_basic, kennysheep_mini_moat,
          mainiacjoe_overflow_tiny_flanked, doesnt_shop_hydraphobe
D:6:      layout_loops_ring
D:7:      layout_basic, mainiacjoe_overflow_cross_hatched, minmay_diced_spiral,
          uniq_duvessa
D:8:      layout_basic, enter_bailey_4, gammafunk_ghost_arena
D:9:      layout_loops_corners, mainiacjoe_overflow_boulevard,
          minmay_misc_feat_roman, hangedman_weighted_door, minivault_27
D:10:     layout_loops_cross, trog_ov_bears_minmay, lair_entry_dummy, uniq_sonja
D:11:     minmay_the_grid_triangle_9x9_recursive_3
          [minmay_the_grid_triangle_9x9_skeleton,
          minmay_the_grid_triangle_9x9_steps,
          minmay_the_grid_triangle_9x9_cache,
          minmay_the_grid_triangle_9x9_prize_special,
          minmay_the_grid_triangle_9x9_empty,
          minmay_the_grid_triangle_9x9_alien,
          minmay_the_grid_triangle_9x9_empty,
          minmay_the_grid_triangle_9x9_from_above,
          minmay_the_grid_triangle_9x9_windchime], layout_rooms,
          minmay_orc_entry_temple_small, gauntlet_entry_generic
D:12:     layout_cross, nicolae_trove_entry_crossroad, gammafunk_ghost_hive,
          kennysheep_generic_room_9
D:13:     layout_irregular_city
D:14:     layout_irregular_city, david_vaults_5, gammafunk_ghost_icy,
          portal_ice_cave_entry_ugly_swarm
D:15:     grunt_enter_depths_hoard, layout_rooms, serial_undead,
          serial_undead_a, serial_undead_f, serial_undead_a, serial_undead_e,
          grunt_ministairs_10
Temple:   hellmonk_temple_flake
Lair:1:   layout_loops_ring, roderic_batcave
Lair:2:   layout_cave_pods, minmay_shoals_entry_hut, dreamdust_gnoll_shepherd,
          grunt_megastairs_3
Lair:3:   layout_layer_cave, nicolae_spider_entry_non_spiders,
          serial_bayou_pond_e, disabler_island
Lair:4:   layout_regular_city, ebering_ghost_disaster_area, serial_forest,
          infiniplex_forest_straight_3, infiniplex_forest_end_double,
          infiniplex_forest_lined_3_way, infiniplex_forest_lined_corner,
          infiniplex_forest_corner_2, infiniplex_forest_clump_large,
          infiniplex_forest_clump_large, st_stairs_13
Lair:5:   guppyfry_lair_end_dragon, layout_regular_city,
          hangedman_lair_tendril_chambers, dpeg_slime_entry_enclosed,
          nicolae_lair_grove_arrangements
Shoals:1: layout_shoals, nicolae_shop_overcharged_wands
Spider:1: layout_spider_delve
Spider:2: nicolae_spider_hall_of_the_moth_king, nicolae_spider_cling_halls
Spider:3: layout_spider_delve, nicolae_spider_jagged_tunnels
Spider:4: floodkiller_spider_rune_tomb, drop_trap
Orc:1:    layout_caves, nicolae_volcano_entry_two_sided, mines3_lemuel
Orc:2:    st_orc_rangers, layout_caves, serial_shops,
          nicolae_shop_advertising_works [nicolae_subvault_shop_adworks],
          biasface_ghost_orc_armoury, uniq_jorgrun, uniq_snorg
Elf:1:    dreamdust_wu_jian_sword_trials, layout_loops_cross, basic_altar,
          serial_shops, shop, minivault_28, statue_in_the_mist_lemuel,
          nicolae_concentric_dashed_squares_wild

Skill      XL: |  1  2  3  4  5  6  7  8  9 10 11 12 13 14 15 16 |
---------------+-------------------------------------------------+-----
Dodging        | 3 4 5 6 7 8 10 11 13 15 17 19 | 19.0
Stealth        | 3 |  3.0
Fighting       | 1 2 3 4 5 6 7 8 10 12 13 15 | 15.0
Hexes          | 1 2 3 5 |  5.0
Spellcasting   | 3 4 5 6 7 8 9 10 11 14 | 14.9
Summonings     | 5 6 7 8 9 10 11 15 13 | 15.0
Translocations | 2 5 6 |  6.0
Air Magic      | 4 7 8 9 |  9.9
Conjurations   | 1 3 4 |  4.0
Poison Magic   | 1 3 4 |  4.0
Transmutations | 8 10 | 10.4

Action                   |  1- 3 |  4- 6 |  7- 9 | 10-12 | 13-15 | 16-18 || total
-------------------------+-------+-------+-------+-------+-------+-------++-------
Melee: Unarmed           |    31 |    47 |    39 |    61 |    61 |    23 ||   262
       Bite              |     5 |     7 |     7 |     9 |     7 |     4 ||    39
       Punch             |       |       |       |       |     2 |       ||     2
 Cast: Summon Small Mamm |    42 |    24 |    53 |    25 |    36 |     4 ||   184
       Call Imp          |    10 |    17 |    20 |    17 |    31 |     7 ||   102
       Call Canine Famil |    12 |    23 |    31 |    62 |   129 |    29 ||   286
       Summon Guardian G |       |     6 |    30 |    97 |   159 |    25 ||   317
       Summon Lightning  |       |       |    10 |    93 |   242 |    63 ||   408
       Blink             |       |       |     1 |     1 |     7 |       ||     9
       Summon Cactus Gia |       |       |       |       |   167 |    50 ||   217
       Mephitic Cloud    |       |       |       |       |    20 |     5 ||    25
       Summon Mana Viper |       |       |       |       |    76 |    39 ||   115
       Swiftness         |       |       |       |       |    24 |     7 ||    31
       Summon Forest     |       |       |       |       |    22 |    11 ||    33
Invok: Potion Petition   |       |       |       |     2 |     8 |       ||    10
       Call Merchant     |       |       |       |       |     1 |       ||     1
Evoke: Wand              |       |       |     3 |    10 |    36 |       ||    49
       Lightning rod     |       |       |       |       |       |     2 ||     2
  Use: Potion            |     2 |     9 |       |     4 |     7 |     3 ||    25
       Scroll            |     1 |     7 |     5 |     9 |    12 |     4 ||    38
 Stab: Sleeping          |     1 |     4 |       |     1 |     1 |     1 ||     8
       Distracted        |       |     2 |       |     3 |     5 |     2 ||    12
       Confused          |       |       |       |       |     1 |       ||     1
       Betrayed ally     |       |       |       |       |       |     1 ||     1
Armor: Skin              |     6 |     3 |     6 |     6 |    15 |     6 ||    42
Dodge: Dodged            |    46 |    68 |   143 |   205 |   844 |   280 ||  1586
